[Event "Titled Tuesday Blitz November 01 Late 2022"]
[White "Girsh, Daniel"]
[Black "Kravtsiv, Martyn"]
[WhiteFideId "30949190"]
[BlackFideId "14113147"]
[WhiteElo "2075"]
[BlackElo "2694"]
[Result "0-1"]
[Round "01"]
[TimeControl "180+1"]
[Date "2022.11.02"]
[WhiteClock "0:00:05"]
[BlackClock "0:00:10"]

1. e4 e5 2. Nf3 Nc6 3. Bb5 a6 4. Ba4 Nf6 5. O-O Be7 6. Re1 b5 7. Bb3 O-O 8. h3 Bb7 9. d3 d6 10. Nc3 Na5 11. Bd5 Nxd5 12. Nxd5 f5 13. Bd2 Bxd5 14. exd5 Nb7 15. c4 Qd7 16. b4 Bf6 17. Bc3 h6 18. a4 Kh7 19. Ra2 c6 20. Qa1 bxc4 21. dxc4 Rfc8 22. Rb1 cxd5 23. cxd5 Qf7 24. Rd2 Rc4 25. Rbd1 Rac8 26. Bb2 Rxb4 27. Ba3 Rxa4 28. Qb2 Na5 29. Bxd6 e4 30. Ne5 Bxe5 31. Bxe5 Nc4 32. Qb3 Ra3 33. Qb4 a5 34. Qb5 Nxe5 35. d6 Nd7 36. Rd5 Rb8 37. Qc6 Rab3 38. Kh2 R3b6 39. Qc7 R8b7 40. Qc8 a4 41. Ra5 Qb3 42. Rdd5 e3 43. fxe3 Qxe3 44. Rxf5 Rb2 45. Rae5 Rxg2+ 46. Kxg2 Rb2+ 47. Kh1 Qxh3+ 48. Kg1 Qh2+ 49. Kf1 Qh1# 0-1


[Site "https://www.chess.com"]

[Event "Titled Tuesday Blitz November 01 Late 2022"]
[White "Goltsev, Dmitry"]
[Black "Krzywda, Andrzej"]
[WhiteFideId "24176710"]
[BlackFideId "1114565"]
[WhiteElo "2257"]
[BlackElo "2149"]
[Result "1-0"]
[Round "01"]
[TimeControl "180+1"]
[Date "2022.11.02"]
[WhiteClock "0:01:04"]
[BlackClock "0:00:02"]

1. e4 c5 2. Nf3 Nc6 3. d4 cxd4 4. Nxd4 g6 5. Nc3 Bg7 6. Be3 Nf6 7. Be2 O-O 8. O-O d5 9. exd5 Nb4 10. Ndb5 a6 11. Na3 Nbxd5 12. Nxd5 Nxd5 13. Bd4 e5 14. Bc5 Re8 15. Nc4 Nf4 16. Nb6 Qg5 17. g3 Bh3 18. Nxa8 Rxa8 19. Be3 Nxe2+ 20. Qxe2 Qf5 21. Rfd1 Bg4 22. Qd3 Qh5 23. Rd2 Bf3 24. h4 e4 25. Qd7 Bxb2 26. Rb1 Bf6 27. Rxb7 Rf8 28. Rd5 Qg4 29. Qxg4 Bxg4 30. Rd6 Be6 31. Rxa6 Rc8 32. Bh6 Be5 33. Rba7 e3 34. fxe3 Bxg3 35. Ra8 Bxh4 36. Rxc8+ Bxc8 37. Ra8 1-0


[Site "https://www.chess.com"]

[Event "Titled Tuesday Blitz November 01 Late 2022"]
[White "Goncalves, Davi Sulzbacher"]
[Black "Bacrot, Etienne"]
[WhiteFideId "2154510"]
[BlackFideId "605506"]
[WhiteElo "2182"]
[BlackElo "2666"]
[Result "1-0"]
[Round "01"]
[TimeControl "180+1"]
[Date "2022.11.02"]
[WhiteClock "0:00:09"]
[BlackClock "0:00:13"]

1. d4 Nf6 2. c4 g6 3. Nc3 d6 4. e4 Bg7 5. Nf3 O-O 6. Be2 Nc6 7. O-O Bg4 8. Be3 e5 9. d5 Ne7 10. c5 a6 11. Nd2 h5 12. Nc4 Bxe2 13. Qxe2 Ng4 14. cxd6 cxd6 15. Bb6 Qd7 16. f3 Nf6 17. Be3 Qd8 18. Nb6 Rb8 19. a4 h4 20. a5 Nh5 21. Bg5 Bf6 22. Bxf6 Nxf6 23. f4 Nd7 24. Nxd7 Qxd7 25. fxe5 dxe5 26. Rf6 Kg7 27. Raf1 Ng8 28. R6f3 Rbc8 29. Qf2 Qe7 30. d6 Qe6 31. Nd5 Rcd8 32. Qxh4 Rxd6 33. Rh3 Rfd8 34. Qh8+ Kf8 35. Rh7 f5 36. Qg7+ Ke8 37. Rh8 Qf7 38. Rxg8+ Qxg8 39. Qxg8+ Kd7 40. Qf7+ Kc6 41. Qc7+ Kb5 42. Qxb7+ Kc4 43. Qb4+ 1-0


[Site "https://www.chess.com"]

[Event "Titled Tuesday Blitz November 01 Late 2022"]
[White "Gorodetzky, David"]
[Black "Poltorak, Sebastian"]
[WhiteFideId "2813416"]
[BlackFideId "1199498"]
[WhiteElo "2487"]
[BlackElo "2232"]
[Result "1-0"]
[Round "01"]
[TimeControl "180+1"]
[Date "2022.11.02"]
[WhiteClock "0:00:05"]
[BlackClock "0:00:04"]

1. c4 Nf6 2. Nc3 d5 3. cxd5 Nxd5 4. e4 Nxc3 5. dxc3 Qxd1+ 6. Kxd1 e5 7. Bc4 Nd7 8. Be3 Nb6 9. Bb3 c6 10. Kc2 Bd6 11. Rd1 Ke7 12. Bxf7 Kxf7 13. Rxd6 Nc4 14. Rd3 Nxe3+ 15. Rxe3 Bg4 16. f3 Be6 17. Ne2 a5 18. Nc1 g5 19. Rd1 h5 20. b3 g4 21. Nd3 Kf6 22. Rf1 gxf3 23. Rexf3+ Ke7 24. Nxe5 Rhg8 25. g3 a4 26. Kb2 axb3 27. axb3 Rad8 28. Nd3 Rg5 29. Kc2 Ra5 30. c4 Ra2+ 31. Nb2 b5 32. cxb5 cxb5 33. Rc3 b4 34. Rc6 Bd7 35. Rc5 Be6 36. Rf3 Rd4 37. Re3 Bg4 38. Rc4 Rxc4+ 39. bxc4 Kd6 40. e5+ Kc5 41. e6 Ra8 42. e7 Bf5+ 43. Nd3+ Kxc4 44. e8=Q Bxd3+ 45. Kd2 Rxe8 46. Rxe8 Bf5 47. Re5 Bg4 48. Re4+ Kc5 49. Rf4 Kb5 50. Kc2 Kc5 51. Kb3 Bd1+ 52. Kb2 Bg4 53. Re4 Kb5 54. Rf4 Kc5 55. Rf6 Kb5 56. Rd6 Kc5 57. Rh6 Kb5 58. h3 Bf3 59. Rf6 Be2 60. Rf5+ Kc4 61. Rf4+ Kc5 62. g4 hxg4 63. hxg4 Kd5 64. g5 Ke5 65. Rf2 Bc4 66. g6 Bg8 67. Rf8 Bc4 68. g7 1-0


[Site "https://www.chess.com"]

[Event "Titled Tuesday Blitz November 01 Late 2022"]
[White "Grot, Blazej"]
[Black "Hjartarson, Johann"]
[WhiteFideId "21835845"]
[BlackFideId "2300044"]
[WhiteElo "1739"]
[BlackElo "2458"]
[Result "0-1"]
[Round "01"]
[TimeControl "180+1"]
[Date "2022.11.02"]
[WhiteClock "0:00:01"]
[BlackClock "0:00:15"]

1. g3 d5 2. h3 Nf6 3. Bg2 c6 4. Nf3 g6 5. d3 Bg7 6. Nbd2 O-O 7. e4 e5 8. O-O Re8 9. c3 Nbd7 10. Qc2 Nc5 11. b4 Ne6 12. Nxe5 dxe4 13. dxe4 Ng5 14. Ndc4 b5 15. Bxg5 bxc4 16. Nxc6 Qc7 17. Nd4 Bb7 18. Rfe1 h6 19. Bf4 Qb6 20. a4 Nd7 21. a5 Qd8 22. Nb5 Ne5 23. Bxe5 Bxe5 24. Rad1 Qe7 25. Qd2 a6 26. Nd4 Bg7 27. e5 Bxg2 28. Kxg2 Qb7+ 29. Kg1 Bxe5 30. Re3 Bg7 31. Rde1 Rxe3 32. Qxe3 Rd8 33. Ne2 Rd3 34. Qe8+ Kh7 35. Nf4 Rxc3 36. Re7 Rc1+ 37. Re1 Rxe1+ 38. Qxe1 c3 39. Ne2 Qxb4 40. Qc1 Qb2 41. Qe1 Qd2 0-1


[Site "https://www.chess.com"]

[Event "Titled Tuesday Blitz November 01 Late 2022"]
[White "Gunduz, Umut Erdem"]
[Black "Fernandez Hernandez, Gerardo"]
[WhiteFideId "6381383"]
[BlackFideId "2207400"]
[WhiteElo "2182"]
[BlackElo "2237"]
[Result "1-0"]
[Round "01"]
[TimeControl "180+1"]
[Date "2022.11.02"]
[WhiteClock "0:00:19"]
[BlackClock "0:00:49"]

1. e4 e6 2. d4 d5 3. Nc3 Nc6 4. Nf3 Nf6 5. Bg5 Be7 6. e5 Ne4 7. Bxe7 Qxe7 8. Bd3 Qb4 9. O-O Nxc3 10. bxc3 Qxc3 11. Rb1 Qa3 12. Rb3 Qe7 13. Qd2 O-O 14. Re1 b6 15. Qf4 Bd7 16. Bxh7+ Kh8 17. Bd3 f6 18. Qh4+ Kg8 19. Qh7+ Kf7 20. Bg6# 1-0


[Site "https://www.chess.com"]

[Event "Titled Tuesday Blitz November 01 Late 2022"]
[White "Guz, Ari"]
[Black "Kaplan, Avi Harrison"]
[WhiteFideId "2825759"]
[BlackFideId "30934559"]
[WhiteElo "2205"]
[BlackElo "1983"]
[Result "1-0"]
[Round "01"]
[TimeControl "180+1"]
[Date "2022.11.02"]
[WhiteClock "0:00:18"]
[BlackClock "0:00:15"]

1. e4 c5 2. Nf3 d6 3. c3 Nf6 4. Bd3 Nc6 5. Bc2 e5 6. d4 Be7 7. h3 O-O 8. O-O Qc7 9. Be3 cxd4 10. cxd4 Nb4 11. Nc3 Nxc2 12. Qxc2 Bd7 13. Rac1 Rac8 14. Qb3 Qb8 15. Rfd1 Rfd8 16. Ng5 Be8 17. d5 b5 18. a3 a5 19. Nf3 b4 20. axb4 axb4 21. Na2 Nxe4 22. Qxb4 Qa8 23. Qxe4 Qxa2 24. Rxc8 Rxc8 25. b4 Rc4 26. Qf5 Rxb4 27. Bg5 Bxg5 28. Nxg5 g6 29. Qc8 Qa4 30. Kh2 Qxd1 31. Qxe8+ Kg7 32. Qxf7+ Kh6 33. h4 Rxh4+ 34. Nh3 Qg4 35. Qf8+ Kh5 36. Qxd6 Qf4+ 37. Kg1 Qd4 38. Qe7 Rxh3 39. Qxh7+ Kg5 40. Qxh3 Qxd5 41. Qe3+ Kf5 42. Qh3+ Kf6 43. Qh8+ Ke6 44. Qg8+ Kd6 45. Qxg6+ Kc5 46. Qc2+ Kd6 47. Kf1 Qb5+ 48. Qe2 Qb1+ 49. Qe1 Qb5+ 50. Kg1 Ke6 51. g3 Qb6 52. Qe4 Qb2 53. Kg2 Qb8 54. f4 Qb2+ 55. Kh3 Kf6 56. Qc6+ Kf5 57. Qd7+ Kf6 58. Qd6+ Kf5 59. Qxe5+ Qxe5 60. fxe5 Kxe5 61. Kg4 Kf6 62. Kf4 Kg6 63. Kg4 Kh6 64. Kf5 Kg7 65. Kg5 Kf7 66. Kh6 Kf6 67. g4 Kf7 68. g5 Kg8 69. Kg6 Kh8 70. Kf7 Kh7 71. g6+ Kh6 72. g7 Kg5 73. g8=Q+ Kf5 74. Qg6+ Ke5 75. Qf6+ Kd5 76. Qe6+ Kc5 77. Ke7 Kb4 78. Qd5 Ka3 79. Qb5 Ka2 80. Qb4 Ka1 81. Ke6 Ka2 82. Ke5 Ka1 83. Kd4 Ka2 84. Kc3 Ka1 85. Qb2# 1-0


[Site "https://www.chess.com"]

[Event "Titled Tuesday Blitz November 01 Late 2022"]
[White "Guzman, Christopher"]
[Black "McConnell, Griffin"]
[WhiteFideId "6405096"]
[BlackFideId "30942551"]
[WhiteElo "2272"]
[BlackElo "2325"]
[Result "1-0"]
[Round "01"]
[TimeControl "180+1"]
[Date "2022.11.02"]
[WhiteClock "0:02:14"]
[BlackClock "0:00:50"]

1. e4 c6 2. d4 d5 3. exd5 cxd5 4. Bd3 Nc6 5. c3 Qc7 6. Ne2 Nf6 7. Bf4 Qb6 8. Qb3 Qxb3 9. axb3 g6 10. Na3 Nh5 11. Be3 Bf5 12. Kd2 Bxd3 13. Kxd3 Kd7 14. f3 Bg7 15. b4 Rhe8 16. Rhe1 Nf6 17. Nf4 e6 18. Nh3 h6 19. Bf4 g5 20. Bg3 Nh5 21. Bf2 a6 22. Re2 Re7 23. Rae1 Rae8 24. Nc2 f5 25. Kd2 Nf6 26. Bg3 f4 27. Bf2 Rc8 28. Bg1 Ne8 29. Nf2 Nd6 30. Nd3 Nc4+ 31. Kc1 b6 32. Bf2 a5 33. bxa5 N6xa5 34. Ncb4 Nb3+ 35. Kc2 Nca5 36. Nxd5 Ree8 37. Nxb6+ 1-0


[Site "https://www.chess.com"]

[Event "Titled Tuesday Blitz November 01 Late 2022"]
[White "Guzman Moneo, Alberto"]
[Black "Zivkovic, Nemanja"]
[WhiteFideId "2209616"]
[BlackFideId "942154"]
[WhiteElo "2157"]
[BlackElo "2372"]
[Result "0-1"]
[Round "01"]
[TimeControl "180+1"]
[Date "2022.11.02"]
[WhiteClock "0:00:12"]
[BlackClock "0:01:23"]

1. e4 c5 2. Nc3 Nc6 3. Bb5 Nd4 4. Nf3 a6 5. Bd3 Nc6 6. O-O e6 7. Be2 b5 8. d4 cxd4 9. Nxd4 Bb7 10. Be3 Nf6 11. a3 Qc7 12. f4 Bc5 13. Kh1 Qb6 14. Nxc6 Bxe3 15. Ne5 O-O 16. Bd3 d6 17. Ng4 Bd4 18. f5 Nd7 19. Ne2 Bxb2 20. Rb1 Be5 21. a4 b4 22. Nf4 exf5 23. exf5 a5 24. Bb5 Nf6 25. Nxe5 dxe5 26. Nh5 Rfd8 27. Nxf6+ Qxf6 28. Qe2 Rd4 29. Rbe1 e4 30. Rd1 Rad8 31. Rxd4 Qxd4 32. f6 Qd2 33. Qg4 g6 34. h4 e3 0-1


[Site "https://www.chess.com"]

[Event "Titled Tuesday Blitz November 01 Late 2022"]
[White "Han, Yichen"]
[Black "Antonio, Jorge Carlos"]
[WhiteFideId "1054430"]
[BlackFideId "113190"]
[WhiteElo "2323"]
[BlackElo "2247"]
[Result "1-0"]
[Round "01"]
[TimeControl "180+1"]
[Date "2022.11.02"]
[WhiteClock "0:01:13"]
[BlackClock "0:01:47"]

1. d4 d5 2. c4 c6 3. Nc3 Nf6 4. e3 e6 5. Qc2 Be7 6. b3 O-O 7. Bb2 b6 8. Nf3 Ba6 9. Bd3 Nbd7 10. O-O Rc8 11. e4 dxe4 12. Nxe4 Nxe4 13. Bxe4 Nf6 14. Bd3 c5 15. Rad1 cxd4 16. Bxd4 Qc7 17. Be5 Qc5 18. Bxf6 Bxf6 19. Bxh7+ Kh8 20. Be4 Qh5 21. Rd7 g6 22. Rxa7 Qa5 23. Qd2 Qa3 24. Qh6+ Kg8 25. Bxg6 Bg7 26. Qh7# 1-0


[Site "https://www.chess.com"]

[Event "Titled Tuesday Blitz November 01 Late 2022"]
[White "Heinemann, Josefine"]
[Black "Djordjevic, Vuk"]
[WhiteFideId "12900460"]
[BlackFideId "902098"]
[WhiteElo "2300"]
[BlackElo "2456"]
[Result "0-1"]
[Round "01"]
[TimeControl "180+1"]
[Date "2022.11.02"]
[WhiteClock "0:00:12"]
[BlackClock "0:00:06"]

1. e4 e6 2. d4 d5 3. Nc3 Bb4 4. e5 c5 5. a3 Bxc3+ 6. bxc3 Ne7 7. Qg4 Qc7 8. Bd3 c4 9. Be2 Nf5 10. h4 Nc6 11. h5 h6 12. Qf4 Bd7 13. g4 Nfe7 14. a4 Qa5 15. Kd2 b5 16. Ba3 b4 17. cxb4 Qxa4 18. Nf3 Nxb4 19. Rhc1 c3+ 20. Kd1 Bb5 21. Bxb5+ Qxb5 22. Bxb4 Qxb4 23. Rcb1 Qc4 24. Qe3 O-O 25. Rb3 Rfc8 26. Raa3 Qf1+ 27. Ne1 Qg1 28. Qg3 Qxg3 29. fxg3 Rc4 30. Nf3 Nc8 31. Rxc3 Nb6 32. Rxc4 Nxc4 33. Ra6 Ne3+ 34. Kc1 Nxg4 35. Kd2 Nf2 36. Ke3 Ne4 37. g4 Nc3 38. Kd3 Ne4 39. Nd2 Nf2+ 40. Ke3 Nxg4+ 41. Kf4 f5 42. exf6 Nxf6 43. Rxe6 Nxh5+ 44. Kg4 Nf6+ 45. Kf5 Rc8 46. Kg6 Rxc2 47. Rd6 Rc8 48. Nf3 Ne4 49. Rd7 Rc6+ 50. Kf5 Rf6+ 51. Ke5 Rxf3 52. Kxd5 Nf6+ 0-1


[Site "https://www.chess.com"]

[Event "Titled Tuesday Blitz November 01 Late 2022"]
[White "Hnydiuk, Aleksander"]
[Black "Pap, Gyula"]
[WhiteFideId "1109057"]
[BlackFideId "725323"]
[WhiteElo "2374"]
[BlackElo "2519"]
[Result "0-1"]
[Round "01"]
[TimeControl "180+1"]
[Date "2022.11.01"]
[WhiteClock "0:00:02"]
[BlackClock "0:00:13"]

1. d4 e6 2. g3 c5 3. Nf3 b6 4. d5 exd5 5. Qxd5 Nc6 6. c4 Nf6 7. Qd1 Bb7 8. Bg2 Nd4 9. O-O Nxf3+ 10. Bxf3 Bxf3 11. exf3 d5 12. Bg5 dxc4 13. Qe2+ Be7 14. Bxf6 gxf6 15. Rd1 Qc8 16. Re1 Qb7 17. Nc3 Kf8 18. Rad1 b5 19. Nd5 Bd8 20. Qe4 h5 21. Qf5 Kg7 22. Nf4 Ba5 23. Rd7 Qxd7 24. Qxd7 Bxe1 25. Ne6+ Kg6 26. Nf4+ Kg7 27. Qxb5 c3 28. bxc3 Bxc3 29. Qxc5 Be5 30. Nd3 Ba1 31. Qf5 Rae8 32. h4 Re2 33. Kf1 Re6 34. a4 Bc3 35. Kg2 Bd4 36. Qd5 Bc3 37. Nf4 Re5 38. Qc6 Bd4 39. Qc7 Bb6 40. Qd7 Rd8 41. Qb7 Rd2 42. Nh3 Ra5 43. Qc6 Rc5 44. Qb7 Rc4 45. f4 Rxa4 46. Qc6 Rad4 47. Qf3 Kg6 48. f5+ Kg7 49. Qxh5 a5 0-1


[Site "https://www.chess.com"]

[Event "Titled Tuesday Blitz November 01 Late 2022"]
[White "Hoffmann, Asa"]
[Black "Matinian, Nikita"]
[WhiteFideId "2001470"]
[BlackFideId "24129100"]
[WhiteElo "2117"]
[BlackElo "2422"]
[Result "0-1"]
[Round "01"]
[TimeControl "180+1"]
[Date "2022.11.02"]
[WhiteClock "0:01:33"]
[BlackClock "0:02:21"]

1. d4 Nf6 2. Bg5 g6 3. Nc3 d5 4. f3 Bg7 5. e4 dxe4 6. fxe4 Nc6 7. Nf3 O-O 8. d5 Nb4 9. a3 Na6 10. Bxa6 bxa6 11. Qd2 Rb8 12. O-O-O Nxe4 13. Nxe4 Bxb2+ 14. Kb1 Bc3+ 15. Kc1 Bxd2+ 16. Rxd2 Bf5 17. Ng3 Qd6 18. Nxf5 Qxa3+ 19. Kd1 gxf5 20. Ke2 Rfd8 21. Rhd1 Rb5 22. c4 Rb2 23. Rxb2 Qxb2+ 24. Rd2 Qb4 25. Nd4 Qxc4+ 26. Kf2 Rxd5 0-1


[Site "https://www.chess.com"]

[Event "Titled Tuesday Blitz November 01 Late 2022"]
[White "Hughes, Tyler B"]
[Black "Dehtiarov, Roman"]
[WhiteFideId "2026775"]
[BlackFideId "14186640"]
[WhiteElo "2298"]
[BlackElo "2200"]
[Result "0-1"]
[Round "01"]
[TimeControl "180+1"]
[Date "2022.11.02"]
[WhiteClock "0:00:02"]
[BlackClock "0:00:23"]

1. d4 Nf6 2. c4 e6 3. Nc3 Bb4 4. f3 O-O 5. a3 Bxc3+ 6. bxc3 d6 7. e4 b6 8. Bd3 Ba6 9. f4 Nc6 10. Nf3 e5 11. Qa4 Bb7 12. O-O exf4 13. Bxf4 Re8 14. Rae1 Na5 15. e5 dxe5 16. Nxe5 h6 17. Qd1 c5 18. Kh1 cxd4 19. cxd4 Nc6 20. Nxc6 Bxc6 21. d5 Bb7 22. Be5 Nd7 23. Qh5 Nxe5 24. Rxe5 Qc7 25. Rxe8+ Rxe8 26. Qf5 g6 27. Qf6 Qe7 28. Qf2 Rf8 29. Qd4 Re8 30. h4 h5 31. Qf4 Bc8 32. Qf2 Bg4 33. Bb1 f5 34. Qb2 Qxh4+ 35. Kg1 Re1 36. Qd4 Rxf1+ 37. Kxf1 Be2+ 38. Kxe2 Qxd4 0-1


[Site "https://www.chess.com"]

[Event "Titled Tuesday Blitz November 01 Late 2022"]
[White "Ibarra Jerez, Jose Carlos"]
[Black "Soto Vega, Jorge"]
[WhiteFideId "2226332"]
[BlackFideId "3800580"]
[WhiteElo "2627"]
[BlackElo "2263"]
[Result "1-0"]
[Round "01"]
[TimeControl "180+1"]
[Date "2022.11.01"]
[WhiteClock "0:01:01"]
[BlackClock "0:00:57"]

1. e4 d5 2. exd5 Qxd5 3. Nc3 Qa5 4. d4 c6 5. Bd2 Qb6 6. Nf3 Bg4 7. Bc4 e6 8. h3 Bxf3 9. Qxf3 Qxd4 10. Bb3 Nd7 11. O-O-O Nc5 12. Be3 Nxb3+ 13. axb3 Qe5 14. Rhe1 Nf6 15. Kb1 Qa5 16. Bd4 Be7 17. Re5 Qc7 18. Rg5 Kf8 19. Be5 Qc8 20. Rxg7 Kxg7 21. Ne4 Kf8 22. Nxf6 1-0


[Site "https://www.chess.com"]

[Event "Titled Tuesday Blitz November 01 Late 2022"]
[White "Indjic, Aleksandar"]
[Black "Decuigniere, Tom"]
[WhiteFideId "911925"]
[BlackFideId "26093820"]
[WhiteElo "2592"]
[BlackElo "2223"]
[Result "1-0"]
[Round "01"]
[TimeControl "180+1"]
[Date "2022.11.01"]
[WhiteClock "0:00:28"]
[BlackClock "0:00:02"]

1. c4 c5 2. Nf3 g6 3. Nc3 Bg7 4. e3 Nf6 5. d4 cxd4 6. exd4 d5 7. cxd5 Nxd5 8. Qb3 Nb6 9. Bb5+ Bd7 10. Ne5 O-O 11. Nxd7 N8xd7 12. Be3 Nf6 13. O-O Nfd5 14. Bg5 h6 15. Bh4 Rc8 16. Rad1 Nf4 17. Bg3 Ne6 18. Be5 Bxe5 19. dxe5 Qc7 20. Rfe1 Rfd8 21. Bf1 Kg7 22. Qb4 Rxd1 23. Nxd1 Qc5 24. Qe4 Qd5 25. Nc3 Qxe4 26. Rxe4 Rd8 27. g3 Rd2 28. Re2 Rxe2 29. Bxe2 g5 30. Bg4 Nd7 31. Bxe6 fxe6 32. Nb5 a6 33. Nd4 Nxe5 34. Nxe6+ Kf6 35. Nc5 Nc4 36. b3 Nd6 37. Kg2 Ke5 38. Kf3 Kd4 39. Ne6+ Kc3 40. Nc5 Kb2 41. a4 Ka3 42. Ke3 Kb4 43. Kd4 e5+ 44. Kd5 Nf5 45. Nxb7 Nd4 46. Nc5 Nxb3 47. Nxa6+ 1-0


[Site "https://www.chess.com"]

[Event "Titled Tuesday Blitz November 01 Late 2022"]
[White "Itgelt, Khuyagtsogt"]
[Black "Buchenau, Frank"]
[WhiteFideId "4902912"]
[BlackFideId "4604350"]
[WhiteElo "2084"]
[BlackElo "2157"]
[Result "1-0"]
[Round "01"]
[TimeControl "180+1"]
[Date "2022.11.02"]
[WhiteClock "0:00:09"]
[BlackClock "0:00:04"]

1. e4 e6 2. d4 d5 3. Nc3 Nf6 4. e5 Nfd7 5. f4 c5 6. Nf3 Nc6 7. Be3 a6 8. Qd2 b5 9. Be2 Qb6 10. O-O cxd4 11. Nxd4 Bc5 12. Rad1 Bb7 13. a3 O-O 14. Rf3 Nxd4 15. Bxd4 Bxd4+ 16. Qxd4 Rac8 17. Qxb6 Nxb6 18. Rd4 Nc4 19. Bxc4 Rxc4 20. Rfd3 f6 21. exf6 gxf6 22. Rxc4 bxc4 23. Rg3+ Kf7 24. Ne2 e5 25. c3 Bc6 26. Re3 Re8 27. Kf2 Ke6 28. Nd4+ Kd7 29. Nf3 Kd6 30. Re2 Re7 31. g3 h5 32. Nh4 Rb7 33. Nf5+ Ke6 34. Nd4+ Kd6 35. Nf3 Re7 36. Ke1 Re6 37. Nh4 Re8 38. Kd2 Kd7 39. Ng6 Kd6 40. fxe5+ fxe5 41. Rf2 d4 42. Rf6+ Kc5 43. Rf5 Kd5 44. cxd4 Kxd4 45. Rxh5 Rb8 46. Rh4+ Be4 47. Kc1 Rb6 48. Ne7 Rf6 49. Kd2 Rf2+ 50. Ke1 Rxb2 51. Nc6+ Ke3 52. Rxe4+ Kxe4 53. Nb4 c3 54. h4 Rh2 55. Kd1 Kf3 56. Nd3 Kxg3 57. Nxe5 Kf4 58. Nc4 Ke4 59. h5 Kd3 60. Ne5+ Ke3 61. Ng4+ Kf4 62. Nxh2 Kg5 63. Kc2 Kxh5 64. Kxc3 Kg5 65. Kb4 Kf4 66. Ka5 Ke3 67. Kxa6 Kd4 68. a4 Kc4 69. a5 1-0


[Site "https://www.chess.com"]

[Event "Titled Tuesday Blitz November 01 Late 2022"]
[White "Jaferian, Koosha"]
[Black "Qashashvili, Alexandre"]
[WhiteFideId "12507440"]
[BlackFideId "13600842"]
[WhiteElo "2127"]
[BlackElo "2405"]
[Result "1-0"]
[Round "01"]
[TimeControl "180+1"]
[Date "2022.11.02"]
[WhiteClock "0:00:37"]
[BlackClock "0:00:08"]

1. Nf3 c6 2. b3 d5 3. Bb2 Nf6 4. g3 Bf5 5. Bg2 Qc8 6. d3 Bh3 7. Bxh3 Qxh3 8. c4 Ng4 9. cxd5 cxd5 10. Nc3 e6 11. Nb5 Bb4+ 12. Bc3 Bxc3+ 13. Nxc3 Nc6 14. Qd2 Qg2 15. Rf1 Nxh2 16. Nxh2 Qxh2 17. Qg5 O-O 18. Kd2 Qh6 19. Qxh6 gxh6 20. Rh1 Kg7 21. Rh5 f5 22. Rah1 Rf6 23. Na4 b6 24. Rc1 e5 25. Nc3 Rd8 26. Rhh1 e4 27. Rh4 Nb4 28. a3 d4 29. axb4 dxc3+ 30. Rxc3 exd3 31. Rxd3 Rxd3+ 32. Kxd3 Kf7 33. Rc4 Rd6+ 34. Ke3 Re6+ 35. Kf3 Kg6 36. e3 h5 37. b5 Re5 38. Rb4 Rc5 39. Kf4 Kf6 40. f3 h6 41. e4 fxe4 42. fxe4 Ke6 43. Ra4 Rxb5 44. Rxa7 Rxb3 45. Rh7 Rb5 46. Rxh6+ Kf7 47. e5 Rb4+ 48. Kf5 Rg4 49. Rxh5 Rxg3 50. Rh7+ Ke8 51. Rb7 Rh3 52. Rxb6 Rh5+ 53. Ke4 Rh1 54. Kd5 Rh2 55. Rb8+ Ke7 56. Rb7+ Ke8 57. Kd6 Ra2 58. Rb8+ Kf7 59. e6+ Kg7 60. e7 Rd2+ 61. Kc5 Rc2+ 62. Kd4 Re2 63. e8=Q Re7 64. Qxe7+ Kg6 65. Rg8+ Kf5 66. Rg5+ Kf4 67. Qe5+ Kf3 68. Rg3+ Kf2 69. Qe3+ Kf1 70. Rg1# 1-0


[Site "https://www.chess.com"]

[Event "Titled Tuesday Blitz November 01 Late 2022"]
[White "Jaracz, Pawel"]
[Black "Rosenberg, Evan S"]
[WhiteFideId "1102222"]
[BlackFideId "2019299"]
[WhiteElo "2459"]
[BlackElo "2378"]
[Result "1/2-1/2"]
[Round "01"]
[TimeControl "180+1"]
[Date "2022.11.02"]
[WhiteClock "0:00:15"]
[BlackClock "0:00:11"]

1. d4 d5 2. c4 e6 3. Nc3 c5 4. cxd5 cxd4 5. Qxd4 Nc6 6. Qa4 exd5 7. e3 Nf6 8. Bb5 Bd7 9. Nge2 Bc5 10. O-O O-O 11. Rd1 a6 12. Bxc6 Bxc6 13. Qh4 Ne4 14. Qxd8 Raxd8 15. Bd2 Rfe8 16. Be1 f5 17. Rac1 Ba7 18. Nd4 Nxc3 19. Bxc3 Bxd4 20. Rxd4 Re4 21. Rd2 g5 22. Bd4 Kf7 23. f3 Re6 24. Kf2 h5 25. h4 gxh4 26. Rh1 Rg6 27. Rxh4 Rdg8 28. Rh2 h4 29. Kg1 Rh6 30. Be5 h3 31. Bf4 Rhh8 32. Be5 Rh5 33. Rf2 Ke6 34. Bf4 Rhh8 35. g3 Rc8 36. Rf1 Bb5 37. Rd1 Bc4 38. b3 Bb5 39. Rhd2 Bc6 40. Kh2 d4 41. Rf2 dxe3 42. Re1 Kf7 43. Rxe3 Bb5 44. a4 Bc6 45. g4 fxg4 46. fxg4 Kg6 47. Be5 Rhf8 48. Rxf8 Rxf8 49. Rxh3 Rf2+ 50. Kg1 Rg2+ 51. Kf1 Rxg4 52. Re3 Bd5 53. Ke2 Re4 54. Rxe4 Bxe4 55. Ke3 Bc2 56. a5 Bxb3 57. Kd4 Ba4 58. Bc7 Bc6 59. Kc5 Kf7 60. Kb6 Kg6 61. Bg3 Kf7 62. Bh2 Kg6 63. Bg3 Kf7 64. Bh2 Kg6 1/2-1/2


[Site "https://www.chess.com"]

[Event "Titled Tuesday Blitz November 01 Late 2022"]
[White "Jimenez Almeida, Luis David"]
[Black "Sanal, Vahap"]
[WhiteFideId "22242244"]
[BlackFideId "6300545"]
[WhiteElo "2158"]
[BlackElo "2574"]
[Result "0-1"]
[Round "01"]
[TimeControl "180+1"]
[Date "2022.11.01"]
[WhiteClock "0:00:31"]
[BlackClock "0:00:56"]

1. Nf3 d6 2. d4 Nf6 3. c4 g6 4. Nc3 Bg7 5. e4 O-O 6. Be2 Nbd7 7. O-O e5 8. d5 Nc5 9. Qc2 a5 10. Bg5 h6 11. Be3 Ng4 12. Bd2 f5 13. h3 Nf6 14. exf5 gxf5 15. Rfe1 Bd7 16. b3 Rf7 17. a3 Nce4 18. b4 Nxc3 19. Bxc3 Ne4 20. Bb2 a4 21. Bd3 Ng5 22. Nxg5 Qxg5 23. Bf1 f4 24. Kh2 Bf6 25. Bd3 Rg7 26. Be4 Rf8 27. Rg1 Qh4 28. c5 Kh8 29. cxd6 cxd6 30. Qe2 Rfg8 31. Rac1 Bd8 32. Rc2 Bxh3 0-1


[Site "https://www.chess.com"]

[Event "Titled Tuesday Blitz November 01 Late 2022"]
[White "Jobava, Baadur"]
[Black "Goltseva, Ekaterina"]
[WhiteFideId "13601520"]
[BlackFideId "24173770"]
[WhiteElo "2582"]
[BlackElo "2200"]
[Result "1-0"]
[Round "01"]
[TimeControl "180+1"]
[Date "2022.11.01"]
[WhiteClock "0:00:15"]
[BlackClock "0:00:01"]

1. b3 d5 2. Bb2 Nf6 3. d3 c5 4. Nd2 Nc6 5. e4 dxe4 6. dxe4 Bg4 7. f3 Bh5 8. Bb5 Qb6 9. Bxc6+ Qxc6 10. Ne2 O-O-O 11. Nf4 Bg6 12. Qe2 e6 13. O-O-O Be7 14. Nc4 Qc7 15. Be5 Qc6 16. h4 h5 17. Nxg6 fxg6 18. Bb2 Nd7 19. Bxg7 Rhg8 20. Bb2 b5 21. Ne5 Nxe5 22. Bxe5 c4 23. Kb1 Kb7 24. g3 Qa6 25. Rxd8 Rxd8 26. Rd1 Rxd1+ 27. Qxd1 Kc6 28. g4 Qa3 29. gxh5 gxh5 30. f4 Qc5 31. Qxh5 c3 32. Qg4 Kd7 33. h5 Qe3 34. Qd1+ Ke8 35. h6 Qh3 36. Bg7 b4 37. a4 bxa3 38. Ka2 Qh2 39. Qd3 Kf7 40. Qxc3 1-0


[Site "https://www.chess.com"]

[Event "Titled Tuesday Blitz November 01 Late 2022"]
[White "Jones, Gawain C B"]
[Black "McCoy, Owen"]
[WhiteFideId "409561"]
[BlackFideId "30924502"]
[WhiteElo "2657"]
[BlackElo "2477"]
[Result "1-0"]
[Round "01"]
[TimeControl "180+1"]
[Date "2022.11.02"]
[WhiteClock "0:01:43"]
[BlackClock "0:00:07"]

1. Nf3 d5 2. g3 Nf6 3. Bg2 Bg4 4. c4 c6 5. Qb3 Qb6 6. d3 Nbd7 7. Be3 Qxb3 8. axb3 a6 9. Bd4 Bxf3 10. Bxf3 e5 11. Bc3 Bd6 12. b4 Ke7 13. Na3 e4 14. Bg2 Ne5 15. Kd2 Rhd8 16. f4 Neg4 17. c5 Bc7 18. e3 exd3 19. Bxf6+ Nxf6 20. Kxd3 Kf8 21. Nc2 Re8 22. Bf3 Re7 23. g4 Rae8 24. g5 Ne4 25. Rhf1 f6 26. Bxe4 dxe4+ 27. Kc4 f5 28. Nd4 g6 29. h4 h5 30. gxh6 Rh7 31. h5 gxh5 32. Nxf5 Bd8 33. Rg1 Bf6 34. Rg6 Kf7 35. Nd6+ Kxg6 36. Rg1+ Bg5 37. Rxg5+ Kf6 38. Nxe8+ Ke7 39. Rg7+ Rxg7 40. Nxg7 h4 41. h7 Kf7 42. h8=Q 1-0


[Site "https://www.chess.com"]